AoeStats
← aime_la

Arena

509612527Analyzed
2v2 RM · 4d ago on Sep 27, 2026· 47m 31s· 4 players
Game mode
Random Map
Map size
Medium (4 player)
Population
200
Speed
Normal
Resources
Standard
Victory
Conquest
Starting age
Dark Age
Ending age
Imperial Age
RankedLock teamsTeams togetherTeam positionsShared explorationLock speedFull tech treeHidden civsTurbo modeCheats
Victory
Defeat
🇩🇪 Romans · Germany
830
+18
🇷🇺 Turks · Russia
824
+18
🇸🇦 Burmese · Saudi Arabia
871
-18
🇸🇦 Slavs · Saudi Arabia
869
-18
Solomo
3:38 Loom
11:22 Feudal Age
15:57 Castle Age
16:32 Double-Bit Axe
16:31 Horse Collar
17:29 Wheelbarrow
20:10 Town Watch
28:15 Heavy Plow
28:36 Bow Saw
29:05 Hand Cart
32:15 Imperial Age
30:33 Gold Mining
32:00 Hand Cart
33:08 Murder Holes
33:49 Caravan
34:00 Guilds
34:20 Coinage
34:47 Conscription
34:23 Heavy Scorpion
36:00 Crop Rotation
35:58 Ballistas
37:03 Stone Mining
37:49 Gold Shaft Mining
aime_la
1:01 Loom
11:45 Feudal Age
14:03 Horse Collar
19:08 Castle Age
17:09 Double-Bit Axe
17:55 Gold Mining
18:09 Fletching
18:21 Stone Mining
18:50 Padded Archer Armor
21:32 Gold Shaft Mining
23:26 Town Watch
25:07 Wheelbarrow
25:28 Heavy Plow
26:03 Bow Saw
28:45 Leather Archer Armor
31:52 Imperial Age
29:51 Forging
30:43 Ballistics
31:13 Hand Cart
31:27 Masonry
32:59 Conscription
33:27 Town Patrol
34:06 Sanctity
34:07 Bodkin Arrow
34:42 Ring Archer Armor
38:15 Murder Holes
39:00 Hoardings
43:18 Elite Janissary
xxKAREEMxx72
12:18 Feudal Age
18:42 Castle Age
18:46 Double-Bit Axe
18:44 Horse Collar
18:56 Gold Mining
20:51 Scale Barding Armor
21:05 Bow Saw
20:56 Heavy Plow
25:57 Chain Barding Armor
31:55 Forging
31:45 Scale Mail Armor
35:37 Imperial Age
33:57 Wheelbarrow
39:53 Onager
HA3ERINO
7:01 Loom
10:13 Feudal Age
15:06 Castle Age
13:15 Horse Collar
20:44 Wheelbarrow
24:52 Fletching
28:00 Imperial Age
25:32 Treadmill Crane
25:51 Gold Mining
27:44 Fortified Wall
28:34 Padded Archer Armor
29:16 Ballistics
32:17 Town Watch
33:20 Hand Cart
34:36 Chemistry
33:38 Heavy Plow
33:39 Stone Mining
34:27 Gold Shaft Mining
35:05 Elite Arambai
38:22 Onager
39:07 Bodkin Arrow
40:19 Masonry
47:06 Town Patrol
48:29 Architecture
Connection lost

Rejoining the realm…

Still unreachable

The connection could not be restored.

Session expired

The server has moved on; the page needs a fresh start.